 Dungeon Crawl Stone Soup version 0.27-a0-1188-g73eefd5def (webtiles) character file.

Game seed: 7770180976607279462

18809 rjrrt the Cleaver (level 12, -4/130 HPs)
             Began as an Ogre Berserker on May 20, 2021.
             Was a High Priest of Trog.
             Succumbed to a cane toad's poison
             ... on level 3 of the Lair of Beasts.
             The game lasted 00:29:05 (14734 turns).

rjrrt the Cleaver (Ogre Berserker)                 Turns: 14734, Time: 00:29:05

Health: -4/130     AC: 13    Str: 28    XL:     12   Next: 62%
Magic:  12/12      EV: 15    Int:  8    God:    Trog [*****.]
Gold:   2596       SH:  0    Dex:  8    Spells: 11/11 levels left

rFire    . . .     SeeInvis .   a - +4 hand axe (venom)
rCold    . . .     Faith    .   (no shield)
rNeg     . . .     Spirit   .   s - +2 troll leather armour {Snorg}
rPois    .         Reflect  .   c - +1 hat
rElec    .         Harm     .   D - +0 cloak
rCorr    .         Rampage  .   (gloves unavailable)
Will     +....                  (boots unavailable)
Stlth    +.........             (no amulet)
HPRegen  1.31/turn              d - +4 ring of protection
MPRegen  0.13/turn              H - +4 ring of evasion

@: lethally poisoned (-4 -> -41)
A: large, unfitting armour, tough skin 1
a: Renounce Religion, Berserk, Trog's Hand, Brothers in Arms


You were on level 3 of the Lair of Beasts.
You worshipped Trog.
Trog was extremely pleased with you.
You visited 2 branches of the dungeon, and saw 13 of its levels.
You also visited: Ossuary.

You collected 2842 gold pieces.
You spent 246 gold pieces at shops.

Inventory:

Hand Weapons
 a - a +4 hand axe of venom (weapon)
 b - a +2 trident of venom
 e - a +2 whip of electrocution
 m - a +1 antimagic war axe
 I - a +2 vorpal executioner's axe
Missiles
 i - 3 throwing nets
 j - 24 boomerangs (quivered)
 x - 10 curare-tipped darts
 C - 10 javelins
Armour
 c - a +1 hat (worn)
 h - a +0 kite shield
 s - a +2 troll leather armour (worn) {Snorg}
 D - a +0 cloak (worn)
 F - the +2 robe of Iraadgh {rPois rCorr Int+5}
   (You bought it in a shop on level 7 of the Dungeon)

   It affects your intelligence (+5).
   It protects you from poison.
   It protects you from acid and corrosion.
Jewellery
 d - a +4 ring of protection (left hand)
 f - a ring of flight
 y - a ring of resist corrosion
 H - a +4 ring of evasion (right hand)
 J - a ring of protection from cold
Wands
 g - a wand of iceblast (34)
 v - a wand of charming (6)
Scrolls
 r - 3 scrolls of enchant weapon
 w - 3 scrolls of brand weapon
 z - a scroll of blinking
 B - 2 scrolls of teleportation
 E - 2 scrolls of magic mapping
 G - 3 scrolls of identify
 L - a scroll of fog
Potions
 k - a potion of invisibility
 l - 3 potions of lignification
 n - 4 potions of attraction
 o - 2 potions of haste
 p - a potion of heal wounds
 q - 3 potions of curing
 t - a potion of might
 u - a potion of cancellation
 A - 3 potions of flight
 K - a potion of mutation


   Skills:
 + Level 11.3 Fighting
 + Level 12.8 Axes
 + Level 10.3 Throwing
 + Level 3.3 Armour
 + Level 8.1 Dodging


You had 11 spell levels left.
You didn't know any spells.
Your spell library was empty.

Dungeon Overview and Level Annotations

Branches:
Dungeon (10/15)            Temple (0/1) D:4            Lair (3/6) D:10
Ossuary (visited)
  Swamp: Lair:2-4    Shoals: Lair:2-4     Snake: Lair:2-4    Spider: Lair:2-4
    Orc: D:9-12

Altars:
Fedhas
Gozag
Hepliaklqana
Makhleb
Okawaru
Qazlal
Sif Muna
Trog
Vehumet
Wu Jian
Yredelemnul
Zin
The Shining One

Shops:
D:3 [   D:4 !   D:5 =(   D:7 (:(:*   D:8 =

Annotations:
D:3 exclusion: door


Innate Abilities, Weirdness & Mutations

You are too large for most types of armour.
You have tough skin. (AC +1)


Message History

You slash the cane toad!
The cane toad is severely wounded.
You feel very sick. The cane toad stings you.
You are more poisoned.
The cane toad poisons you!
You hit the cane toad but do no damage.
The cane toad is poisoned.
The cane toad is severely wounded.
You feel extremely sick.
You slash the cane toad!
The cane toad is almost dead.
You feel very sick. The cane toad stings you!
You are more poisoned.
The cane toad poisons you!
You hit the cane toad but do no damage.
The cane toad is almost dead.
You feel extremely sick. The cane toad stings you!
You are lethally poisoned!
The cane toad poisons you!
Unknown command.
You are too injured to fight recklessly!
* * * LOW HITPOINT WARNING * * *
You feel extremely sick.
You kill the cane toad!
Trog accepts your kill. The komodo dragon bites you!!
* * * LOW HITPOINT WARNING * * *
You are too injured to fight recklessly!
You are too injured to fight recklessly!
You slash the komodo dragon!
The komodo dragon is lightly wounded.
* * * LOW HITPOINT WARNING * * *
You feel extremely sick.
Unknown command.
You slash the komodo dragon!
The komodo dragon looks as sick as possible!
The komodo dragon is heavily wounded.
You die...

................
..............≈≈
................≈≈≈
...............≈≈≈#
...............≈≈#
...............≈≈#
........>........+
[........l@....≈≈#
.......†.......≈≈##
...............≈≈≈#
......†.<.......≈≈≈
...<.............≈≈
<.............)....
...................
................##.
......#...>......#


You could see a komodo dragon (extremely poisoned).

Vanquished Creatures
  Snorg (D:10)
  4 hydras
  Harold (D:7)
  Erica (D:10)
  A two-headed ogre (D:9)
  Sonja (D:10)
  Pikel (D:5)
  3 cane toads
  A komodo dragon (Lair:2)
  Grinder (D:3)
  A hornet (D:7)
  2 vampires
  2 wraiths (D:9)
  27 yaks
  4 wyverns
  Eustachio (D:5)
  Menkaure (D:7)
  6 water moccasins
  2 wargs (D:10)
  An ice beast (D:7)
  2 sky beasts
  A black bear (D:8)
  5 orc warriors
  An ogre (D:5)
  5 centaurs
  2 lemures (D:5)
  A phantom (D:6)
  2 kobold brigands
  2 wyvern zombies
  8 bullfrogs
  2 scorpions
  5 gnoll sergeants (D:5)
  5 water moccasin zombies (Ossuary)
  A wyvern skeleton (D:6)
  A water moccasin skeleton (D:5)
  3 wights (D:9)
  An electric eel (Lair:1)
  2 howler monkeys (D:8)
  A bullfrog zombie (D:6)
  9 hounds
  3 centaur zombies (D:8)
  A gnoll shaman (D:5)
  A jelly (D:6)
  11 orc priests
  2 bullfrog skeletons
  13 orc wizards
  2 killer bee zombies (D:8)
  A hound skeleton (D:4)
  2 mummies (Ossuary)
  A howler monkey zombie (D:5)
  19 gnolls (D:5)
  3 adders
  A shadow imp (D:5)
  A white imp (D:7)
  An adder skeleton (D:4)
  3 adder zombies (Ossuary)
  3 dart slugs
  40 orcs
  5 ball pythons
  5 endoplasms
  A giant cockroach (D:1)
  2 gnoll zombies (Ossuary)
  6 goblins
  7 hobgoblins
  7 jackals
  4 quokkas
  4 bats
  2 frilled lizards
  3 hobgoblin zombies (Ossuary)
  15 kobolds
  3 kobold zombies (Ossuary)
  4 orc zombies (Ossuary)
  3 rats
300 creatures vanquished.

Vanquished Creatures (others)
  4 fungi
  16 plants
20 creatures vanquished.

Grand Total: 320 creatures vanquished

Notes
Turn   | Place    | Note
-------+----------+-------------------------------------------
     0 | D:1      | rjrrt the Ogre Berserker began the quest for the Orb.
     0 | D:1      | Reached XP level 1. HP: 24/24 MP: 1/1
   360 | D:1      | Reached XP level 2. HP: 26/32 MP: 2/2
   782 | D:1      | Reached skill level 4 in Axes
   824 | D:1      | Reached XP level 3. HP: 36/39 MP: 3/3
  1129 | D:2      | Reached ** piety under Trog
  1689 | D:3      | Reached XP level 4. HP: 45/48 MP: 4/4
  1718 | D:3      | Found Foakiv's Antique Armour Boutique.
  1855 | D:3      | Found a glowing silver altar of Zin.
  1965 | D:3      | Reached skill level 5 in Axes
  1971 | D:3      | Reached XP level 5. HP: 54/54 MP: 5/5
  2140 | D:3      | Noticed Grinder
  2175 | D:3      | Paralysed by Grinder for 6 turns
  2199 | D:3      | Paralysed by Grinder for 6 turns
  2219 | D:3      | Killed Grinder
  2220 | D:3      | Reached skill level 7 in Axes
  2220 | D:3      | Reached XP level 6. HP: 27/62 MP: 6/6
  2676 | D:3      | Found a burning altar of Makhleb.
  2850 | D:3      | Found a shimmering blue altar of Sif Muna.
  3124 | D:4      | Reached XP level 7. HP: 70/70 MP: 7/7
  3179 | D:4      | Found Deafo's Distillery.
  3184 | D:4      | Bought a potion of degeneration for 12 gold pieces
  3242 | D:4      | Reached *** piety under Trog
  3331 | D:4      | Reached skill level 8 in Axes
  3354 | D:4      | Reached skill level 1 in Throwing
  3535 | D:4      | Found a staircase to the Ecumenical Temple.
  3616 | D:4      | Found an iron altar of Okawaru.
  3869 | D:4      | Found an opulent altar of Gozag.
  3998 | D:4      | Identified a scroll of acquirement
  3998 | D:4      | Acquired a +1 hat
  4172 | D:5      | Entered Level 5 of the Dungeon
  4214 | D:5      | Reached XP level 8. HP: 78/78 MP: 8/8
  4228 | D:5      | Noticed Eustachio
  4234 | D:5      | Killed Eustachio
  4463 | D:5      | Reached skill level 9 in Axes
  4471 | D:5      | Found Siffuset's Jewellery Shoppe.
  4549 | D:5      | Noticed Pikel
  4585 | D:5      | Killed Pikel
  4586 | D:5      | Reached skill level 5 in Throwing
  4662 | D:5      | Found Aciment's Antique Weapon Shop.
  4705 | D:5      | Reached skill level 10 in Axes
  4705 | D:5      | Reached XP level 9. HP: 38/84 MP: 9/9
  4752 | D:5      | Found a sand-covered staircase.
  4762 | Ossuary  | Entered an ossuary
  5105 | Ossuary  | Reached **** piety under Trog
  5629 | D:5      | Found an ornate altar of the Wu Jian Council.
  6248 | D:5      | Reached skill level 5 in Fighting
  6654 | D:6      | Found a radiant altar of Vehumet.
  7087 | D:6      | Found a hazy altar of Hepliaklqana.
  7575 | D:7      | Found Daymm's Assorted Antiques.
  7579 | D:7      | Found a blossoming altar of Fedhas.
  7580 | D:7      | Bought a scroll labelled TECYLU CASA for 35 gold pieces
  7580 | D:7      | Bought a bloodstained robe for 199 gold pieces
  7580 | D:7      | Identified the +2 robe of Iraadgh {rPois rCorr Int+5} (You
                  | bought it in a shop on level 7 of the Dungeon)
  7639 | D:7      | Reached XP level 10. HP: 77/98 MP: 10/10
  7749 | D:7      | Noticed Menkaure
  7761 | D:7      | Killed Menkaure
  8027 | D:7      | Reached ***** piety under Trog
  8047 | D:7      | Reached skill level 11 in Axes
  8103 | D:7      | Acquired 946 gold pieces
  8163 | D:7      | Found Haun's Book Shop.
  8170 | D:7      | Noticed Harold
  8205 | D:7      | Killed Harold
  8206 | D:7      | Reached skill level 5 in Dodging
  8564 | D:7      | Found Gechublu's Antique Weapon Shoppe.
  8630 | D:7      | Found Ostrejim's Book Boutique.
  8757 | D:7      | Found Suvebrinum's Weapon Shoppe.
  9385 | D:8      | Found Suyshul's Jewellery Boutique.
  9554 | D:8      | Found a bloodstained altar of Trog.
  9629 | D:8      | Found a glowing golden altar of the Shining One.
  9960 | D:8      | Received a gift from Trog
  9982 | D:8      | Found a basalt altar of Yredelemnul.
 10661 | D:9      | Reached XP level 11. HP: 83/113 MP: 11/11
 10786 | D:9      | Noticed a two-headed ogre
 10795 | D:9      | Killed a two-headed ogre
 11720 | D:10     | Entered Level 10 of the Dungeon
 11737 | D:10     | Noticed Sonja
 11753 | D:10     | Killed Sonja
 11786 | D:10     | Acquired 1172 gold pieces
 11829 | D:10     | Noticed Erica
 12314 | D:10     | Found a staircase to the Lair.
 12366 | D:10     | Killed Erica
 12367 | D:10     | Reached skill level 12 in Axes
 12464 | D:10     | Noticed Snorg
 12474 | D:10     | Killed Snorg
 12530 | D:10     | Received a gift from Trog
 12542 | D:10     | Reached skill level 10 in Fighting
 12689 | D:10     | Found a stormy altar of Qazlal.
 12715 | Lair:1   | Entered Level 1 of the Lair of Beasts
 12818 | Lair:1   | Reached skill level 1 in Armour
 12923 | Lair:1   | Noticed a four-headed hydra
 12935 | Lair:1   | Killed a four-headed hydra
 13064 | Lair:1   | Reached XP level 12. HP: 115/127 MP: 12/12
 13204 | Lair:1   | Noticed an eight-headed hydra
 13221 | Lair:1   | Killed an eight-headed hydra
 13579 | Lair:1   | Reached skill level 10 in Throwing
 13952 | Lair:2   | Noticed an eight-headed hydra
 14000 | Lair:2   | Noticed a seven-headed hydra
 14014 | Lair:2   | Killed a seven-headed hydra
 14208 | Lair:2   | Killed an eight-headed hydra
 14733 | Lair:3   | HP: 2/130 [poisoned by a cane toad]
 14734 | Lair:3   | Succumbed to a cane toad's poison

Illustrated notes

Levels and vault maps discovered:
D:1:      zelgadis_glass_arrival_small, layout_rooms, hangedman_decor_points,
          minmay_misc_feat_encased, minmay_misc_feat_columns
D:2:      layout_loops_ring
D:3:      layout_loops_corners, bloody_makhleb, zin_treasury, led_sif_book,
          serial_shops, nicolae_shop_stone, uniq_grinder
D:4:      layout_rooms, lemuel_crystal_altar, kennysheep_mini_moat,
          minmay_temple_entry_antechambers, serial_shops, nicolae_shop_trees,
          hangedman_abyss_or_decor_passed
D:5:      layout_cave_pools, nzn_wu_jian_contemplation,
          nicolae_ossuary_entry_ruins, serial_gnoll_camp, gnoll_camp_mini_shop,
          gnoll_camp_mini_shop, gnoll_camp_mini_sergeant, gnoll_camp_mini_house,
          gnoll_camp_huts_basic, gnoll_camp_mini_basic, uniq_eustachio,
          uniq_pikel
D:6:      layout_gridville, lemuel_round_altar, nicolae_vehumet_radiance,
          serial_glass, glass_columns_b, glass_columns_a, minivault_5
D:7:      layout_basic, lemuel_crystal_altar, serial_shops, shop,
          nicolae_shop_behind_doors, shop, shop_fountains, nicolae_shop_stone,
          st_stairs_14, uniq_menkaure, uniq_harold
D:8:      layout_rooms, amcnicky_altar_gilded, lemuel_zombie_altar_yredelemnul,
          serial_shops, shop_statue, minmay_hedge_maze, david_defended_altar_orc
D:9:      layout_small_grid
D:10:     layout_rooms, nicolae_qazlal_eye_of_the_storm,
          erik_lair_orcish_takeover, uniq_erica, uniq_snorg, uniq_sonja
Lair:1:   layout_cave_pods, serial_bayou_shore_a
Lair:2:   layout_chaotic_city, serial_bayou_lake_a
Lair:3:   layout_cave_shapes, minmay_shoals_entry_hut, spider_nest_entry_a

Skill      XL: |  1  2  3  4  5  6  7  8  9 10 11 12 |
---------------+-------------------------------------+-----
Axes           | 4 5 7 8 10 11 12 | 12.8
Throwing       | 3 5 7 8 9 10 | 10.3
Dodging        | 4 5 7 8 |  8.1
Fighting       | 6 8 10 11 | 11.3
Armour         | 1 3 |  3.3

Action                   |  1- 3 |  4- 6 |  7- 9 | 10-12 || total
-------------------------+-------+-------+-------+-------++-------
Melee: Hand axe          |   135 |    90 |   356 |   564 ||  1145
       War axe           |       |       |       |    27 ||    27
       Whip              |       |       |       |    32 ||    32
       Trident           |       |       |       |     6 ||     6
Throw: Stone             |       |     1 |     1 |       ||     2
       Dart              |       |       |     1 |       ||     1
Invok: Berserk           |     2 |     3 |     4 |     8 ||    17
       Trog's Hand       |       |       |     2 |       ||     2
       Brothers in Arms  |       |       |       |     1 ||     1
Evoke: Wand              |       |       |       |     2 ||     2
  Use: Potion            |       |     5 |       |     1 ||     6
       Scroll            |       |       |    18 |     7 ||    25
 Stab: Sleeping          |     1 |       |       |       ||     1
Armor: Animal skin       |    53 |    24 |   121 |       ||   198
       Robe              |       |       |     5 |   132 ||   137
       Troll leather arm |       |       |       |    81 ||    81
Dodge: Dodged            |    78 |    38 |   121 |   318 ||   555

Table legend: (Time is in decaauts)
 A = Elapsed time spent in this place.
 B = Non-inter-level travel time spent in this place.
 C = Inter-level travel time spent in this place.
 D = Time resting spent in this place.
 E = Time spent auto-exploring this place.
 F = Levels seen in this place.
 G = Mean time per level.
                   A        B        C        D        E       F      G
               +--------+--------+--------+--------+--------+-----+--------+
         Total |  14697 |  14346 |    351 |   2423 |   9086 |  14 | 1049.8 |
       Dungeon |  12269 |  12006 |    263 |   2039 |   7682 |  10 | 1226.9 |
          Lair |   2002 |   1914 |     88 |    136 |   1403 |   3 |  667.3 |
       Ossuary |    425 |    425 |      0 |    248 |      0 |   1 |  425.0 |
               +--------+--------+--------+--------+--------+-----+--------+

Top non-repeatable levels by time:
     D:7: 1705 daAuts
     D:5: 1606 daAuts
     D:9: 1507 daAuts
     D:3: 1463 daAuts
     D:4: 1396 daAuts
  Lair:1: 1294 daAuts
     D:1: 1029 daAuts
     D:8: 1017 daAuts
     D:6: 999 daAuts
    D:10: 870 daAuts
     D:2: 673 daAuts
  Lair:2: 672 daAuts
 Ossuary: 425 daAuts
  Lair:3: 35 daAuts
